 Dungeon Crawl Stone Soup version 0.28.0-45-g0d030f2227 (webtiles) character file.

Game seed: 13314480350226538928

77 DearestLeader the Chopper (level 4, -4/41 HPs)
             Began as a Gnoll Chaos Knight on Apr 18, 2022.
             Was a Plaything of Xom.
             Killed by divine providence
             ... invoked by an orc priest
              (8 damage)
             ... on level 3 of the Dungeon.
             The game lasted 00:03:05 (1459 turns).

DearestLeader the Chopper (Gnoll Chaos Knight)      Turns: 1459, Time: 00:03:05

Health: -4/41      AC:  5    Str: 14    XL:     4   Next: 33%
Magic:  5/5        EV: 12    Int: 11    God:    Xom [..*...]
Gold:   12         SH:  0    Dex: 11    Spells: 5/5 levels left

rFire   . . .      SeeInvis .   a - +0 hand axe (chaos)
rCold   . . .      Faith    .   (no shield)
rNeg    . . .      Spirit   .   b - +2 leather armour
rPois   .          Reflect  .   (no helmet)
rElec   .          Harm     .   (no cloak)
rCorr   .          Rampage  .   (no gloves)
Will    .....                   (no boots)
Stlth   +.........              (no amulet)
HPRegen 0.13/turn               (no ring)
MPRegen 0.09/turn               (no ring)

@: no status effects
A: fangs 1, strong nose, distributed training
a: Renounce Religion


You were on level 3 of the Dungeon.
You worshipped Xom.
You were a toy of Xom.
You visited 1 branch of the dungeon, and saw 3 of its levels.

You collected 84 gold pieces.
You spent 72 gold pieces at shops.

Inventory:

Hand Weapons
 a - a +0 hand axe of chaos (weapon)
 g - a +0 dagger
 i - a +0 hunting sling
Missiles
 h - 7 poisoned darts (quivered)
Armour
 b - a +2 leather armour (worn)
Scrolls
 d - a scroll of magic mapping
Potions
 c - a potion of resistance
 e - a potion of flight
 f - a potion of might
 k - a potion of ambrosia {unknown}


   Skills:
 + Level 6.6 Fighting
 + Level 1.1 Short Blades
 + Level 1.1 Long Blades
 + Level 6.6 Axes
 + Level 1.1 Maces & Flails
 + Level 1.1 Polearms
 + Level 1.1 Staves
 + Level 1.1 Slings
 + Level 1.1 Bows
 + Level 1.1 Crossbows
 + Level 1.1 Throwing
 + Level 4.6 Armour
 + Level 2.7 Dodging
 + Level 1.1 Stealth
 + Level 1.1 Shields
 + Level 1.1 Unarmed Combat
 + Level 1.1 Spellcasting
 + Level 0.8 Conjurations
 + Level 0.8 Hexes
 + Level 0.8 Summonings
 + Level 0.8 Necromancy
 + Level 0.8 Translocations
 + Level 0.8 Transmutations
 + Level 0.8 Fire Magic
 + Level 0.8 Ice Magic
 + Level 0.8 Air Magic
 + Level 0.8 Earth Magic
 + Level 0.8 Poison Magic
 + Level 1.2 Invocations
 + Level 1.1 Evocations


You had 5 spell levels left.
You didn't know any spells.
Your spell library was empty.

Dungeon Overview and Level Annotations

Branches:
Dungeon (3/15)

Altars:

Shops:
D:2 *

Annotations:
D:3 Robin


Innate Abilities, Weirdness & Mutations

You have very sharp teeth.
Your uncanny sense of smell can sniff out nearby items.
Your experience applies equally to all skills.


Message History

Throw: 10 darts (poison)
Press: ? - help, Q - select action Shift-Dir - straight line, f - orc
Aim: an orc, wielding a +0 dagger and wearing a +0 ring mail (63% to hit)
You throw a poisoned dart. The poisoned dart hits the orc.
The orc is poisoned.
Throw: 9 darts (poison)
Press: ? - help, Q - select action Shift-Dir - straight line, f/p - orc
Aim: an orc, wielding a +0 dagger and wearing a +0 ring mail (heavily wounded, poisoned, 63% to hit)
You throw a poisoned dart. The poisoned dart hits the orc.
The orc looks even sicker.
The orc is heavily wounded.
The orc closely misses you.
The gnoll hits you from afar with a +0 halberd!
A hobgoblin comes into view.
Found 20 bolts and 20 stones.
You kill the orc!
The gnoll barely misses you.
An adder comes into view.
The adder hisses angrily.
The hobgoblin shouts!
The hobgoblin barely misses you.
Throw: 8 darts (poison)
Press: ? - help, Q - select action Shift-Dir - straight line, f - hobgoblin
Aim: a hobgoblin (59% to hit)
You throw a poisoned dart.
The poisoned dart completely misses the hobgoblin.
The hobgoblin misses you.
The gnoll hits you from afar with a +0 halberd!
* * * LOW HITPOINT WARNING * * *
An orc comes into view. It is wielding a +0 dagger.
A goblin and a hobgoblin come into view.
The hobgoblin shouts!
The orc shouts!
You hear a shout! x6
A hobgoblin, an orc priest and an orc come into view.
Found a scroll of noise.
You hear a shout! x2
Robin of the Strong Arm comes into view.
They are wielding a +0 dagger.
The hobgoblin moves out of view.
The orc priest invokes the aid of Beogh against you.
Beogh smites you!
You die...
Xom cackles wildly!

.# ##....###...........
)#.##..................
o.........oo...........
......#................
......#.....o.........
g.....#......g(...o...
......#........g.####
...#..#.......S..#####..
###...#.........@..oo.?.
∆ .###................#
###...##.g#......#
.................
.....###g#....... ....
#..g...... . ##g.......
###....


You could see an orc priest, a gnoll, an adder, 4 orcs, 3 hobgoblins and a
goblin.

Vanquished Creatures
  A gnoll (D:3)
  An adder (D:2)
  A dart slug (D:2)
  An orc (D:3)
  5 ball pythons
  3 bats
  5 endoplasms
  A giant cockroach (D:1)
  3 goblins (D:1)
  5 hobgoblins
  9 jackals (D:1)
  3 quokkas
  4 frilled lizards
  4 kobolds
  2 rats (D:1)
48 creatures vanquished.

Notes
Turn   | Place    | Note
-------+----------+-------------------------------------------
     0 | D:1      | DearestLeader the Gnoll Chaos Knight began the quest for
                  | the Orb.
     0 | D:1      | Reached XP level 1. HP: 23/23 MP: 1/1
   158 | D:1      | Reached XP level 2. HP: 29/29 MP: 2/2
   352 | D:1      | Reached XP level 3. HP: 35/35 MP: 3/3
   456 | D:1      | Found a faded altar of an unknown god.
   595 | D:1      | XOM: noise
   702 | D:1      | Reached skill level 1 in Invocations
  1055 | D:2      | Found Uhoavo's Assorted Antiques.
  1069 | D:2      | Bought a scroll labelled IRCHIG UGEAKH for 25 gold pieces
  1125 | D:2      | Bought a coppery potion for 22 gold pieces
  1148 | D:2      | Reached skill level 1 in Short Blades
  1148 | D:2      | Reached skill level 1 in Long Blades
  1148 | D:2      | Reached skill level 1 in Maces & Flails
  1148 | D:2      | Reached skill level 1 in Polearms
  1148 | D:2      | Reached skill level 1 in Staves
  1148 | D:2      | Reached skill level 1 in Slings
  1148 | D:2      | Reached skill level 1 in Bows
  1148 | D:2      | Reached skill level 1 in Crossbows
  1148 | D:2      | Reached skill level 1 in Throwing
  1148 | D:2      | Reached skill level 1 in Stealth
  1148 | D:2      | Reached skill level 1 in Shields
  1148 | D:2      | Reached skill level 1 in Unarmed Combat
  1148 | D:2      | Reached skill level 1 in Spellcasting
  1148 | D:2      | Reached skill level 1 in Evocations
  1257 | D:2      | Reached XP level 4. HP: 30/41 MP: 5/5
  1288 | D:2      | Bought a scroll labelled YRAGIT XOTI for 25 gold pieces
  1341 | D:2      | XOM: divination: detect creatures
  1347 | D:2      | XOM: divination: detect items
  1411 | D:2      | XOM: silly message
  1458 | D:3      | Noticed Robin
  1459 | D:3      | Killed from afar by an orc priest

Illustrated notes

Levels and vault maps discovered:
D:1:      lemuel_arrival_funnel, layout_basic,
          hellmonk_ecumenical_altar_slurped_away, nrook_mini_vaults,
          st_stairs_3, chequers_serial_rivers_micro_e
D:2:      layout_rooms, serial_shops, nicolae_shop_overgrown_old_shop,
          minmay_split_cup_large
D:3:      layout_basic, minmay_fractal_squares_diagonal_5, uniq_robin

Skill      XL: |  1  2  3 |
---------------+----------+-----
Invocations    | 1 |  1.2
Short Blades   | 1 |  1.1
Long Blades    | 1 |  1.1
Maces & Flails | 1 |  1.1
Polearms       | 1 |  1.1
Staves         | 1 |  1.1
Slings         | 1 |  1.1
Bows           | 1 |  1.1
Crossbows      | 1 |  1.1
Throwing       | 1 |  1.1
Stealth        | 1 |  1.1
Shields        | 1 |  1.1
Unarmed Combat | 1 |  1.1
Spellcasting   | 1 |  1.1
Evocations     | 1 |  1.1
Fighting       | |  6.6
Axes           | |  6.6
Armour         | |  4.6
Dodging        | |  2.7
Conjurations   | |  0.8
Hexes          | |  0.8
Summonings     | |  0.8
Necromancy     | |  0.8
Translocations | |  0.8
Transmutations | |  0.8
Fire Magic     | |  0.8
Ice Magic      | |  0.8
Air Magic      | |  0.8
Earth Magic    | |  0.8
Poison Magic   | |  0.8

Action                   |  1- 3 |  4- 6 || total
-------------------------+-------+-------++-------
Melee: Hand axe          |   109 |     9 ||   118
       Bite              |     8 |       ||     8
       Punch             |     1 |       ||     1
Throw: Dart              |     2 |     4 ||     6
  Use: Scroll            |     3 |     2 ||     5
 Stab: Sleeping          |     1 |       ||     1
Armor: Leather armour    |    43 |     2 ||    45
Dodge: Dodged            |    64 |    14 ||    78
